| TOP OF THE 1ST |
|
California Angels batting - Pitching for New York Yankees : RHP Mike Parrott
|
|
Pitching: RHP Mike Parrott
|
|
|
Batting: RHB Frank White
|
0-0: Swinging Strike 0-1: Called Strike 0-2: Strikes out looking
|
|
Batting: LHB Ralph Garr
|
0-0: Ball 1-0: Called Strike 1-1: DOUBLE (Line Drive, 9LS, EV 102.5 MPH)
|
|
Batting: RHB Jeff Atherton
|
0-0: Called Strike 0-1: Ball 1-1: 2-RUN HOME RUN (Flyball, 7LD, EV 93.8 MPH), Distance : 348 ft
|
|
Batting: LHB Jason D Thompson
|
0-0: Swinging Strike 0-1: Called Strike 0-2: Ground out 4-3 (Groundball, 4, EV 80.0 MPH)
|
|
Batting: LHB Brian Rosinski
|
0-0: Called Strike 0-1: Ball 1-1: Called Strike 1-2: Ball 2-2: SOLO HOME RUN (Flyball, 9D, EV 110.0 MPH), Distance : 389 ft
|
|
Batting: RHB Carlos Pimentel
|
0-0: Ball 1-0: Ground out 5-3 (Groundball, 56S, EV 90.6 MPH)
|
| Top of the 1st over - 3 runs, 3 hits, 0 errors, 0 left on base; California 3 - New York 0 |
| BOTTOM OF THE 1ST |
|
New York Yankees batting - Pitching for California Angels : RHP John Butcher
|
|
Pitching: RHP John Butcher
|
|
|
Batting: SHB Willie Wilson
|
0-0: Called Strike 0-1: Hit by Pitch
|
|
Batting: RHB Pedro Guerrero
|
0-0: Ball 1-0: Foul Ball, location: 2F 1-1: Fly out, F8 (Flyball, 89M, EV 87.5 MPH)
|
|
Batting: LHB Wade Boggs
|
0-0: Called Strike 0-1: Ball Willie Wilson steals 2nd base 1-1: Called Strike 1-2: Ball 2-2: Ground out 4-3 (Groundball, 4, EV 81.9 MPH) Willie Wilson to third
|
|
Batting: LHB Kent Hrbek
|
0-0: Ball 1-0: Called Strike 1-1: SINGLE (Line Drive, 4MD, EV 105.6 MPH) Willie Wilson scores
|
|
Batting: RHB David Hall
|
0-0: Called Strike 0-1: Foul Ball, location: 2F 0-2: Strikes out swinging
|
| Bottom of the 1st over - 1 run, 1 hit, 0 errors, 1 left on base; California 3 - New York 1 |
| TOP OF THE 2ND |
|
California Angels batting - Pitching for New York Yankees : RHP Mike Parrott
|
|
Batting: SHB Manny Castillo
|
0-0: Ball 1-0: Fly out, F3 (Line Drive, 3, EV 67.5 MPH)
|
|
Batting: LHB John Milner
|
0-0: SINGLE (Line Drive, 8LS, EV 105.0 MPH)
|
|
Batting: RHB Charlie Moore
|
0-0: Called Strike 0-1: Swinging Strike 0-2: Fly out, F8 (Flyball, 8RM, EV 86.3 MPH)
|
|
Batting: RHB Frank White
|
0-0: Called Strike John Milner steals 2nd base 0-1: Foul Ball, location: 2F 0-2: Strikes out swinging
|
| Top of the 2nd over - 0 runs, 1 hit, 0 errors, 1 left on base; California 3 - New York 1 |
| BOTTOM OF THE 2ND |
|
New York Yankees batting - Pitching for California Angels : RHP John Butcher
|
|
Batting: LHB George Kaage
|
0-0: Ground out 4-3 (Groundball, 13, EV 75.6 MPH)
|
|
Batting: RHB Emanuel Cortez
|
0-0: Called Strike 0-1: Swinging Strike 0-2: Ball 1-2: Foul Ball, location: 2F 1-2: Foul Ball, location: 2F 1-2: Foul Ball, location: 2F 1-2: Ball 2-2: Ball 3-2: DOUBLE (Line Drive, 9LM, EV 110.0 MPH)
|
|
Batting: SHB Jerry Manuel
|
0-0: Ball 1-0: Foul Ball, location: 2F 1-1: Ground out 6-3 (Groundball, 6D, EV 108.1 MPH)
|
|
Batting: LHB Ron Hassey
|
0-0: Ball 1-0: Called Strike 1-1: Called Strike 1-2: Ball 2-2: Foul Ball, location: 2F 2-2: 2-RUN HOME RUN (Flyball, 9D, EV 95.6 MPH), Distance : 391 ft
|
|
Batting: SHB Willie Wilson
|
0-0: Called Strike 0-1: Foul Ball, location: 2F 0-2: Ground out 4-3 (Groundball, 4MS, EV 76.9 MPH)
|
| Bottom of the 2nd over - 2 runs, 2 hits, 0 errors, 0 left on base; California 3 - New York 3 |
| TOP OF THE 3RD |
|
California Angels batting - Pitching for New York Yankees : RHP Mike Parrott
|
|
Batting: LHB Ralph Garr
|
0-0: Foul Ball, location: 2F 0-1: Ball 1-1: Fly out, F7 (Line Drive, 7, EV 92.5 MPH)
|
|
Batting: RHB Jeff Atherton
|
0-0: Called Strike 0-1: Foul Ball, location: 2F 0-2: Ball 1-2: Ball 2-2: DOUBLE (Line Drive, 9LS, EV 107.5 MPH)
|
|
Batting: LHB Jason D Thompson
|
0-0: Swinging Strike 0-1: Ball Wild Pitch! Jeff Atherton to third 1-1: Ball 2-1: Foul Ball, location: 2F 2-2: Ball 3-2: Strikes out swinging
|
|
Batting: LHB Brian Rosinski
|
0-0: Foul Ball, location: 2F 0-1: Ball 1-1: Foul Ball, location: 2F 1-2: Strikes out swinging
|
| Top of the 3rd over - 0 runs, 1 hit, 0 errors, 1 left on base; California 3 - New York 3 |
| BOTTOM OF THE 3RD |
|
New York Yankees batting - Pitching for California Angels : RHP John Butcher
|
|
Batting: RHB Pedro Guerrero
|
0-0: Ball 1-0: Foul Ball, location: 2F 1-1: Ball 2-1: Fly out, F9 (Flyball, 9, EV 81.9 MPH)
|
|
Batting: LHB Wade Boggs
|
0-0: Ball 1-0: SINGLE (Line Drive, 6MD, EV 100.0 MPH)
|
|
Batting: LHB Kent Hrbek
|
0-0: Ball 1-0: Fly out, F9 (Flyball, 9, EV 88.1 MPH)
|
|
Batting: RHB David Hall
|
0-0: Fly out, F9 (Flyball, 9D, EV 96.3 MPH)
|
| Bottom of the 3rd over - 0 runs, 1 hit, 0 errors, 1 left on base; California 3 - New York 3 |
| TOP OF THE 4TH |
|
California Angels batting - Pitching for New York Yankees : RHP Mike Parrott
|
|
Batting: RHB Carlos Pimentel
|
0-0: Ball 1-0: Ball 2-0: Ball 3-0: Base on Balls
|
|
Batting: SHB Manny Castillo
|
0-0: Ball 1-0: DOUBLE (Flyball, 89XD, EV 93.1 MPH) Carlos Pimentel to third
|
|
Batting: LHB John Milner
|
0-0: Swinging Strike
|
|
|
|
|
|
0-1: Swinging Strike 0-2: 3-RUN HOME RUN (Flyball, 9D, EV 93.8 MPH), Distance : 376 ft
|
|
Pitching: RHP Greg Field
|
|
|
Batting: RHB Charlie Moore
|
0-0: Ball 1-0: Foul Ball, location: 2F 1-1: Called Strike 1-2: Foul Ball, location: 2F 1-2: Fly out, F8 (Flyball, 8LD, EV 99.4 MPH)
|
|
Batting: RHB Frank White
|
0-0: Fly out, F7 (Flyball, 7S, EV 87.5 MPH)
|
|
Batting: LHB Ralph Garr
|
0-0: Called Strike 0-1: Ground out U3 (Groundball, 3, EV 101.3 MPH)
|
| Top of the 4th over - 3 runs, 2 hits, 0 errors, 0 left on base; California 6 - New York 3 |
| BOTTOM OF THE 4TH |
|
New York Yankees batting - Pitching for California Angels : RHP John Butcher
|
|
Batting: LHB George Kaage
|
0-0: Ground out U3 (Groundball, 3, EV 93.1 MPH)
|
|
Batting: RHB Emanuel Cortez
|
0-0: Ball 1-0: Foul Ball, location: 2F 1-1: Called Strike 1-2: SINGLE (Line Drive, 89M, EV 89.4 MPH)
|
|
Batting: SHB Jerry Manuel
|
0-0: Ball Wild Pitch! Emanuel Cortez to second 1-0: Ball Emanuel Cortez steals 3rd base 2-0: Foul Ball, location: 2F 2-1: Ball 3-1: Ground out 3-1 (Groundball, 34, EV 87.5 MPH) Emanuel Cortez scores
|
|
Batting: LHB Ron Hassey
|
0-0: Called Strike 0-1: Ball 1-1: Ball 2-1: Swinging Strike 2-2: Foul Ball, location: 2F 2-2: Strikes out swinging
|
| Bottom of the 4th over - 1 run, 1 hit, 0 errors, 0 left on base; California 6 - New York 4 |
| TOP OF THE 5TH |
|
California Angels batting - Pitching for New York Yankees : RHP Greg Field
|
|
Batting: RHB Jeff Atherton
|
0-0: Ball 1-0: Swinging Strike 1-1: Ball 2-1: DOUBLE (Line Drive, 7LM, EV 109.4 MPH)
|
|
Batting: LHB Jason D Thompson
|
0-0: Fly out, F5 (Popup, 5SF, EV 81.3 MPH)
|
|
Batting: LHB Brian Rosinski
|
0-0: Swinging Strike 0-1: Swinging Strike 0-2: Ball 1-2: Ball 2-2: Ball 3-2: Strikes out swinging
|
|
Batting: RHB Carlos Pimentel
|
0-0: Ball 1-0: Called Strike 1-1: Ball 2-1: Ball 3-1: SINGLE (Line Drive, 34D, EV 101.9 MPH) Jeff Atherton to third Runner from 3rd tries for Home, SAFE, throw by RF to home Carlos Pimentel to second
|
|
Batting: SHB Manny Castillo
|
0-0: Fly out, F6 (Popup, 4MD, EV 69.4 MPH)
|
| Top of the 5th over - 1 run, 2 hits, 0 errors, 1 left on base; California 7 - New York 4 |
| BOTTOM OF THE 5TH |
|
New York Yankees batting - Pitching for California Angels : RHP John Butcher
|
|
Batting: SHB Willie Wilson
|
0-0: Ball 1-0: Ground out 6-3 (Groundball, 6, EV 100.0 MPH)
|
|
Batting: RHB Pedro Guerrero
|
0-0: Called Strike 0-1: SOLO HOME RUN (Flyball, 9LD, EV 103.8 MPH), Distance : 362 ft
|
|
Batting: LHB Wade Boggs
|
0-0: Ball 1-0: Ball 2-0: Ball 3-0: Called Strike 3-1: Called Strike 3-2: Base on Balls
|
|
Batting: LHB Kent Hrbek
|
0-0: Ball 1-0: Called Strike 1-1: Ball 2-1: SINGLE (Flyball, 8RS, EV 88.8 MPH) Wade Boggs to second Runner from 2nd tries for 3rd, SAFE, throw by CF made to third
|
|
Batting: RHB David Hall
|
0-0: Swinging Strike 0-1: Fielders Choice at 2nd, 6-4 (Groundball, 56D, EV 82.5 MPH) Wade Boggs scores
|
|
Batting: LHB George Kaage
|
0-0: Ball 1-0: Called Strike David Hall is caught stealing 2nd base 2-6
|
| Bottom of the 5th over - 2 runs, 2 hits, 0 errors, 0 left on base; California 7 - New York 6 |
| TOP OF THE 6TH |
|
California Angels batting - Pitching for New York Yankees : RHP Greg Field
|
|
Batting: LHB John Milner
|
0-0: Foul Ball, location: 2F 0-1: Ball 1-1: Swinging Strike 1-2: Ball 2-2: Fly out, F8 (Flyball, 8LM, EV 89.4 MPH)
|
|
Batting: RHB Charlie Moore
|
0-0: Fly out, F9 (Line Drive, 9, EV 89.4 MPH)
|
|
Batting: RHB Frank White
|
0-0: Ground out 6-3 (Groundball, 6, EV 89.4 MPH)
|
| Top of the 6th over - 0 runs, 0 hits, 0 errors, 0 left on base; California 7 - New York 6 |
| BOTTOM OF THE 6TH |
|
New York Yankees batting - Pitching for California Angels : RHP John Butcher
|
|
Pitching: LHP Bob McClure
|
|
|
Batting: LHB George Kaage
|
0-0: Ball 1-0: Swinging Strike 1-1: Ball 2-1: Swinging Strike 2-2: Fly out, F9 (Flyball, 9S, EV 90.0 MPH)
|
|
Batting: RHB Emanuel Cortez
|
0-0: Ground out 6-3 (Groundball, 56D, EV 87.5 MPH)
|
|
Batting: SHB Jerry Manuel
|
0-0: Ball 1-0: Ball 2-0: Ball 3-0: Base on Balls
|
|
Batting: LHB Ron Hassey
|
0-0: Called Strike 0-1: Ball 1-1: Ball Jerry Manuel is caught stealing 2nd base 2-6
|
| Bottom of the 6th over - 0 runs, 0 hits, 0 errors, 0 left on base; California 7 - New York 6 |
| TOP OF THE 7TH |
|
California Angels batting - Pitching for New York Yankees : RHP Greg Field
|
|
Batting: LHB Ralph Garr
|
0-0: Called Strike 0-1: Ball 1-1: Fly out, F9 (Flyball, 9S, EV 82.5 MPH)
|
|
Batting: RHB Jeff Atherton
|
0-0: Called Strike 0-1: Fly out, F3 (Popup, 34, EV 57.5 MPH)
|
|
Batting: LHB Jason D Thompson
|
0-0: Ball 1-0: Ball 2-0: Ball 3-0: Base on Balls
|
|
Batting: LHB Brian Rosinski
|
0-0: Called Strike 0-1: Ball 1-1: Ball 2-1: Ground out 4-3 (Groundball, 4, EV 81.9 MPH)
|
| Top of the 7th over - 0 runs, 0 hits, 0 errors, 1 left on base; California 7 - New York 6 |
| BOTTOM OF THE 7TH |
|
New York Yankees batting - Pitching for California Angels : LHP Bob McClure
|
|
Batting: LHB Ron Hassey
|
0-0: Called Strike 0-1: Ground out 5-3 (Groundball, 5, EV 81.3 MPH)
|
|
Batting: SHB Willie Wilson
|
0-0: Ground out 4-3 (Groundball, 34, EV 84.4 MPH)
|
|
Batting: RHB Pedro Guerrero
|
0-0: Ball 1-0: Called Strike 1-1: SINGLE (Groundball, 56D, EV 103.8 MPH)
|
|
Batting: LHB Wade Boggs
|
0-0: Ball 1-0: Fly out, F6 (Popup, 6, EV 70.6 MPH)
|
| Bottom of the 7th over - 0 runs, 1 hit, 0 errors, 1 left on base; California 7 - New York 6 |
| TOP OF THE 8TH |
|
California Angels batting - Pitching for New York Yankees : RHP Greg Field
|
|
Batting: RHB Carlos Pimentel
|
0-0: Ball 1-0: Ball 2-0: Foul Ball, location: 2F 2-1: Fly out, F6 (Line Drive, 6, EV 63.1 MPH)
|
|
Batting: SHB Manny Castillo
|
0-0: Ball 1-0: Called Strike 1-1: Foul Ball, location: 2F 1-2: Fly out, F3 (Popup, 34, EV 52.5 MPH)
|
|
Batting: LHB John Milner
|
0-0: Ball 1-0: Foul Ball, location: 2F 1-1: SINGLE (Line Drive, 8RS, EV 102.5 MPH)
|
|
Pitching: RHP Jeff Cornell
|
|
|
Batting: RHB Charlie Moore
|
0-0: Ball 1-0: Fielders Choice at 2nd, 5-4 (Groundball, 5, EV 84.4 MPH)
|
| Top of the 8th over - 0 runs, 1 hit, 0 errors, 1 left on base; California 7 - New York 6 |
| BOTTOM OF THE 8TH |
|
New York Yankees batting - Pitching for California Angels : LHP Bob McClure
|
|
Pitching: RHP Jerry Reed
|
|
|
Batting: LHB Kent Hrbek
|
0-0: Ball 1-0: Ball 2-0: Called Strike 2-1: SINGLE (Line Drive, 8LS, EV 106.3 MPH)
|
|
Batting: RHB David Hall
|
0-0: Ball 1-0: SINGLE (Groundball, 34D, EV 110.0 MPH) Kent Hrbek to second Runner from 2nd tries for 3rd, SAFE, no throw by RF
|
|
Batting: LHB George Kaage
|
0-0: Foul Ball, location: 2F 0-1: Ball 1-1: Fly out, F8 (Flyball, 8RS, EV 81.3 MPH)
|
|
Batting: RHB Emanuel Cortez
|
0-0: Foul Ball, location: 2F 0-1: Grounds into double play, 6-4-3 (Groundball, 6, EV 105.6 MPH)
|
| Bottom of the 8th over - 0 runs, 2 hits, 0 errors, 1 left on base; California 7 - New York 6 |
| TOP OF THE 9TH |
|
California Angels batting - Pitching for New York Yankees : RHP Jeff Cornell
|
|
Batting: RHB Frank White
|
0-0: Ball 1-0: Ball 2-0: Foul Ball, location: 2F 2-1: Foul Ball, location: 2F 2-2: Ground out 4-3 (Groundball, 4, EV 100.6 MPH)
|
|
Batting: LHB Ralph Garr
|
0-0: Called Strike 0-1: Foul Ball, location: 2F 0-2: Ground out 5-3 (Groundball, 56, EV 83.1 MPH)
|
|
Batting: RHB Jeff Atherton
|
0-0: Called Strike 0-1: Ball 1-1: Ground out 6-3 (Groundball, 6M, EV 84.4 MPH)
|
| Top of the 9th over - 0 runs, 0 hits, 0 errors, 0 left on base; California 7 - New York 6 |
| BOTTOM OF THE 9TH |
|
New York Yankees batting - Pitching for California Angels : RHP Jerry Reed
|
|
Batting: SHB Jerry Manuel
|
0-0: Called Strike 0-1: Ball 1-1: Swinging Strike 1-2: Fly out, F9 (Flyball, 9LM, EV 97.5 MPH)
|
|
Batting: LHB Ron Hassey
|
0-0: Called Strike 0-1: Swinging Strike 0-2: SINGLE (Groundball, 34D, EV 101.3 MPH)
|
|
Batting: SHB Willie Wilson
|
0-0: Ball 1-0: Foul Ball, location: 2F 1-1: Ball 2-1: Called Strike 2-2: Foul Ball, location: 2F 2-2: SINGLE (Groundball, 25, EV 66.3 MPH) (infield hit) Ron Hassey to second
|
|
Batting: RHB Pedro Guerrero
|
0-0: Ball 1-0: Bunt - Flyout to 23 - DP at third! 3-6
|
| Bottom of the 9th over - 0 runs, 2 hits, 0 errors, 1 left on base; California 7 - New York 6 |
 |
|
Thursday, July 23rd, 2020 - OOTP Baseball 21.5 Build 71
|
|